TOP OF THE 1ST |
Tulsa Drillers batting - Pitching for Reading Fightin Phils : LHP Brian Wildrick
|
Pitching: LHP Brian Wildrick
|
|
Batting: RHB Roberto Lemus
|
0-0: Ball 1-0: Foul Ball, location: 2F 1-1: Ground out 6-3 (Groundball, 6, EV 88.8 MPH)
|
Batting: RHB Nick Getz
|
0-0: Swinging Strike 0-1: Fly out, F8 (Flyball, 8LS, EV 90.0 MPH)
|
Batting: LHB Jesus Ramirez
|
0-0: Ball 1-0: SINGLE (Groundball, 6MD, EV 96.2 MPH)
|
Batting: RHB Tony Rivera
|
0-0: Called Strike 0-1: Ball 1-1: Foul Ball, location: 2F 1-2: Foul Ball, location: 2F 1-2: Foul Ball, location: 2F 1-2: Ground out U3 (Groundball, 13, EV 77.5 MPH)
|
Top of the 1st over - 0 runs, 1 hit, 0 errors, 1 left on base; Tulsa 0 - Reading 0 |
BOTTOM OF THE 1ST |
Reading Fightin Phils batting - Pitching for Tulsa Drillers : RHP Takashi Kashiwabara
|
Pitching: RHP Takashi Kashiwabara
|
|
Batting: SHB Detlef Oursler
|
0-0: Called Strike 0-1: Called Strike 0-2: Ball 1-2: Ball 2-2: Ball 3-2: Foul Ball, location: 2F 3-2: Strikes out looking
|
Batting: LHB Alex Fernandez
|
0-0: Ball 1-0: Foul Ball, location: 2F 1-1: Swinging Strike 1-2: Ball 2-2: Ball 3-2: SINGLE (Line Drive, 6D, EV 99.4 MPH)
|
Batting: LHB Josh George
|
0-0: Fly out, F7 (Flyball, 78XD, EV 91.2 MPH)
|
Batting: RHB Abel Surraca
|
0-0: Fly out, F7 (Flyball, 7D, EV 87.5 MPH)
|
Bottom of the 1st over - 0 runs, 1 hit, 0 errors, 1 left on base; Tulsa 0 - Reading 0 |
TOP OF THE 2ND |
Tulsa Drillers batting - Pitching for Reading Fightin Phils : LHP Brian Wildrick
|
Batting: RHB Jim Rogers
|
0-0: Called Strike 0-1: Ground out 3-1 (Groundball, 34S, EV 78.8 MPH)
|
Batting: LHB Tony Morales
|
0-0: Swinging Strike 0-1: Called Strike 0-2: Strikes out swinging
|
Batting: RHB Aaron Burress
|
0-0: Swinging Strike 0-1: Ball 1-1: Called Strike 1-2: Ball 2-2: Fly out, F9 (Line Drive, 89M, EV 96.9 MPH)
|
Top of the 2nd over - 0 runs, 0 hits, 0 errors, 0 left on base; Tulsa 0 - Reading 0 |
BOTTOM OF THE 2ND |
Reading Fightin Phils batting - Pitching for Tulsa Drillers : RHP Takashi Kashiwabara
|
Batting: RHB Victor Arroyo
|
0-0: Ball 1-0: Ball 2-0: Foul Ball, location: 2F 2-1: SINGLE (Groundball, 6MD, EV 102.5 MPH)
|
Batting: RHB Kyle Reilly
|
0-0: Fly out, F7 (Line Drive, 7S, EV 91.9 MPH)
|
Batting: LHB Doug Frampton
|
0-0: Ball 1-0: Ball 2-0: Ball 3-0: Called Strike 3-1: Swinging Strike 3-2: Foul Ball, location: 2F 3-2: Base on Balls Victor Arroyo to second
|
Batting: RHB Jake Cox
|
0-0: Called Strike 0-1: Ball 1-1: Ball 2-1: Foul Ball, location: 2F 2-2: Grounds into double play, 4-6-3 (Groundball, 4, EV 103.1 MPH)
|
Bottom of the 2nd over - 0 runs, 1 hit, 0 errors, 1 left on base; Tulsa 0 - Reading 0 |
TOP OF THE 3RD |
Tulsa Drillers batting - Pitching for Reading Fightin Phils : LHP Brian Wildrick
|
Batting: RHB Kyle Garrett
|
0-0: Called Strike 0-1: Swinging Strike 0-2: Ball 1-2: SOLO HOME RUN (Flyball, 9D, EV 101.2 MPH), Distance : 377 ft
|
Batting: RHB Mike Plugge
|
0-0: Ball 1-0: Ball 2-0: Ground out 6-3 (Groundball, 6S, EV 72.5 MPH)
|
Batting: RHB Roberto Lemus
|
0-0: Ball 1-0: Called Strike 1-1: Swinging Strike 1-2: Strikes out swinging
|
Batting: RHB Nick Getz
|
0-0: Ball 1-0: Ball 2-0: Swinging Strike 2-1: Foul Ball, location: 2F 2-2: Foul Ball, location: 2F 2-2: Ball 3-2: SOLO HOME RUN (Flyball, 89XD, EV 104.4 MPH), Distance : 413 ft
|
Batting: LHB Jesus Ramirez
|
0-0: Called Strike 0-1: Ball 1-1: Ball 2-1: Called Strike 2-2: Ground out U3 (Groundball, 34, EV 110.0 MPH)
|
Top of the 3rd over - 2 runs, 2 hits, 0 errors, 0 left on base; Tulsa 2 - Reading 0 |
BOTTOM OF THE 3RD |
Reading Fightin Phils batting - Pitching for Tulsa Drillers : RHP Takashi Kashiwabara
|
Batting: RHB Josh Baker
|
0-0: Ball 1-0: Ball 2-0: Called Strike 2-1: Swinging Strike 2-2: Ball 3-2: Base on Balls
|
Batting: SHB Detlef Oursler
|
0-0: Ball 1-0: Foul Ball, location: 2F 1-1: Ball 2-1: Fielders Choice at 2nd, 4-6 (Groundball, 34, EV 78.1 MPH)
|
Batting: LHB Alex Fernandez
|
0-0: Ball 1-0: Ball Detlef Oursler steals 2nd base 2-0: SINGLE (Groundball, 34D, EV 94.4 MPH) Detlef Oursler to third Runner from 3rd tries for Home, throw by RF and OUT! 9-2
|
Batting: LHB Josh George
|
0-0: Ball 1-0: Ball 2-0: Ball 3-0: Called Strike 3-1: Foul Ball, location: 2F 3-2: Ground out 4-3 (Groundball, 4, EV 86.2 MPH)
|
Bottom of the 3rd over - 0 runs, 1 hit, 0 errors, 1 left on base; Tulsa 2 - Reading 0 |
TOP OF THE 4TH |
Tulsa Drillers batting - Pitching for Reading Fightin Phils : LHP Brian Wildrick
|
Batting: RHB Tony Rivera
|
0-0: Foul Ball, location: 2F 0-1: Fly out, F8 (Line Drive, 8RD, EV 94.4 MPH)
|
Batting: RHB Jim Rogers
|
0-0: Ball 1-0: Called Strike 1-1: Ball 2-1: Ball 3-1: Base on Balls
|
Pitching: RHP Manny Cordova
|
|
Batting: LHB Tony Morales
|
0-0: Ball 1-0: Ball Jim Rogers is caught stealing 2nd base 2-6 2-0: Fly out, F9 (Flyball, 9, EV 86.9 MPH)
|
Top of the 4th over - 0 runs, 0 hits, 0 errors, 0 left on base; Tulsa 2 - Reading 0 |
BOTTOM OF THE 4TH |
Reading Fightin Phils batting - Pitching for Tulsa Drillers : RHP Takashi Kashiwabara
|
Batting: RHB Abel Surraca
|
0-0: Called Strike 0-1: DOUBLE (Line Drive, 78M, EV 107.5 MPH)
|
Batting: RHB Victor Arroyo
|
0-0: Called Strike 0-1: Called Strike 0-2: Ball 1-2: Ball 2-2: Fly out, F7 (Flyball, 7, EV 86.2 MPH)
|
Batting: RHB Kyle Reilly
|
0-0: Foul Ball, location: 2F 0-1: Ball 1-1: Called Strike 1-2: Strikes out swinging, 2-3 out at first.
|
Batting: LHB Doug Frampton
|
0-0: Called Strike 0-1: Ball 1-1: Called Strike 1-2: Foul Ball, location: 2F 1-2: Fly out, F8 (Line Drive, 8LM, EV 96.2 MPH)
|
Bottom of the 4th over - 0 runs, 1 hit, 0 errors, 1 left on base; Tulsa 2 - Reading 0 |
TOP OF THE 5TH |
Tulsa Drillers batting - Pitching for Reading Fightin Phils : RHP Manny Cordova
|
Batting: RHB Aaron Burress
|
0-0: Foul Ball, location: 2F 0-1: Foul Ball, location: 2F 0-2: Foul Ball, location: 2F 0-2: Ball 1-2: Ground out 5-3 (Groundball, 56, EV 110.0 MPH)
|
Batting: RHB Kyle Garrett
|
0-0: Called Strike 0-1: Foul Ball, location: 2F 0-2: Foul Ball, location: 2F 0-2: Ball 1-2: Strikes out looking
|
Batting: RHB Mike Plugge
|
0-0: Ball 1-0: Ball 2-0: Called Strike 2-1: Called Strike 2-2: Strikes out swinging
|
Top of the 5th over - 0 runs, 0 hits, 0 errors, 0 left on base; Tulsa 2 - Reading 0 |
BOTTOM OF THE 5TH |
Reading Fightin Phils batting - Pitching for Tulsa Drillers : RHP Takashi Kashiwabara
|
Batting: RHB Jake Cox
|
0-0: Ball 1-0: Called Strike 1-1: Ball 2-1: Ball 3-1: Called Strike 3-2: Base on Balls
|
Batting: RHB Josh Baker
|
0-0: Called Strike 0-1: Foul Ball, location: 2F 0-2: Foul Ball, location: 2F 0-2: Ball 1-2: Ball 2-2: Ball 3-2: Grounds into double play, 6-4-3 (Groundball, 6, EV 90.0 MPH)
|
Batting: SHB Detlef Oursler
|
0-0: Ball 1-0: Called Strike 1-1: Foul Ball, location: 2F 1-2: Ball 2-2: SINGLE (Line Drive, 89S, EV 105.6 MPH)
|
Batting: LHB Alex Fernandez
|
0-0: Ball 1-0: Foul Ball, location: 2F 1-1: Swinging Strike 1-2: SINGLE (Line Drive, 89M, EV 87.5 MPH) Detlef Oursler to second Detlef Oursler to third
|
Batting: LHB Josh George
|
0-0: Ball 1-0: Hit by Pitch Alex Fernandez to second
|
Batting: RHB Abel Surraca
|
0-0: Foul Ball, location: 2F 0-1: Foul Ball, location: 2F 0-2: Fly out, F3 (Popup, 34S, EV 75.6 MPH)
|
Bottom of the 5th over - 0 runs, 2 hits, 0 errors, 3 left on base; Tulsa 2 - Reading 0 |
TOP OF THE 6TH |
Tulsa Drillers batting - Pitching for Reading Fightin Phils : RHP Manny Cordova
|
Batting: RHB Roberto Lemus
|
0-0: Ball 1-0: Foul Ball, location: 2F 1-1: Ball 2-1: Ball 3-1: Swinging Strike 3-2: Strikes out swinging
|
Batting: RHB Nick Getz
|
0-0: Ball 1-0: Called Strike 1-1: Ball 2-1: DOUBLE (Line Drive, 9LM, EV 92.5 MPH)
|
Batting: LHB Jesus Ramirez
|
0-0: Ball 1-0: Ball 2-0: Called Strike 2-1: Fly out, F9 (Flyball, 9D, EV 91.2 MPH) Runner from 2nd tags up, SAFE at 3rd, no throw by RF
|
Batting: RHB Tony Rivera
|
0-0: Called Strike 0-1: Foul Ball, location: 2F 0-2: Strikes out looking
|
Top of the 6th over - 0 runs, 1 hit, 0 errors, 1 left on base; Tulsa 2 - Reading 0 |
BOTTOM OF THE 6TH |
Reading Fightin Phils batting - Pitching for Tulsa Drillers : RHP Takashi Kashiwabara
|
Batting: RHB Victor Arroyo
|
0-0: Called Strike 0-1: Ball 1-1: Ball 2-1: Foul Ball, location: 2F 2-2: Ball 3-2: Ground out 5-3 (Groundball, 56, EV 81.2 MPH)
|
Batting: RHB Kyle Reilly
|
0-0: Fly out, F8 (Flyball, 78M, EV 85.6 MPH)
|
Batting: LHB Doug Frampton
|
0-0: Ball 1-0: Swinging Strike 1-1: Foul Ball, location: 2F 1-2: Ball 2-2: Ball 3-2: Strikes out looking
|
Bottom of the 6th over - 0 runs, 0 hits, 0 errors, 0 left on base; Tulsa 2 - Reading 0 |
TOP OF THE 7TH |
Tulsa Drillers batting - Pitching for Reading Fightin Phils : RHP Manny Cordova
|
Pitching: RHP Gabe Torres
|
|
Batting: RHB Jim Rogers
|
0-0: Fly out, F8 (Flyball, 8LXD, EV 95.6 MPH)
|
Batting: LHB Tony Morales
|
0-0: Called Strike 0-1: Ground out 5-3 (Groundball, 25, EV 86.2 MPH)
|
Batting: RHB Aaron Burress
|
0-0: Ball 1-0: Ball 2-0: Swinging Strike 2-1: Called Strike 2-2: Strikes out swinging
|
Top of the 7th over - 0 runs, 0 hits, 0 errors, 0 left on base; Tulsa 2 - Reading 0 |
BOTTOM OF THE 7TH |
Reading Fightin Phils batting - Pitching for Tulsa Drillers : RHP Takashi Kashiwabara
|
Batting: RHB Jake Cox
|
0-0: Called Strike 0-1: Called Strike 0-2: Ground out U3 (Groundball, 13, EV 83.8 MPH)
|
Batting: RHB Josh Baker
|
0-0: Foul Ball, location: 2F 0-1: Foul Ball, location: 2F 0-2: Fly out, F8 (Flyball, 8RS, EV 96.2 MPH)
|
Batting: SHB Detlef Oursler
|
0-0: Called Strike 0-1: DOUBLE (Groundball, 5L, EV 101.9 MPH)
|
Batting: LHB Alex Fernandez
|
0-0: Called Strike 0-1: Ball 1-1: SINGLE (Groundball, 34D, EV 98.1 MPH) Detlef Oursler to third Runner from 3rd tries for Home, SAFE, throw by RF to home
|
Pitching: RHP Ramon Luna
|
|
Batting: LHB Josh George
|
0-0: Ball 1-0: Foul Ball, location: 2F 1-1: Called Strike Alex Fernandez steals 2nd base 1-2: Ball 2-2: Ball 3-2: Foul Ball, location: 2F 3-2: Base on Balls
|
Batting: RHB Abel Surraca
|
0-0: Ball 1-0: Reached via error on a dropped throw from 3B, E3 (Groundball, 56, EV 102.5 MPH) Alex Fernandez to third Josh George to second
|
Batting: RHB Victor Arroyo
|
0-0: Ball 1-0: Foul Ball, location: 2F 1-1: Ball 2-1: Swinging Strike 2-2: Foul Ball, location: 2F 2-2: Foul Ball, location: 2F 2-2: Foul Ball, location: 2F 2-2: Ball 3-2: Fly out, F9 (Line Drive, 9, EV 93.8 MPH)
|
Bottom of the 7th over - 1 run, 2 hits, 1 error, 3 left on base; Tulsa 2 - Reading 1 |
TOP OF THE 8TH |
Tulsa Drillers batting - Pitching for Reading Fightin Phils : RHP Gabe Torres
|
Pitching: RHP Ubbe Dekker
|
|
Batting: RHB Kyle Garrett
|
0-0: Called Strike 0-1: Ball 1-1: Ball 2-1: Swinging Strike 2-2: Strikes out swinging
|
Batting: RHB Mike Plugge
|
0-0: Ground out 5-3 (Groundball, 5, EV 77.5 MPH)
|
Batting: RHB Roberto Lemus
|
0-0: Ball 1-0: Called Strike 1-1: Ball 2-1: Ball 3-1: Swinging Strike 3-2: Base on Balls
|
Batting: RHB Nick Getz
|
0-0: Fly out, F3 (Popup, 13, EV 78.1 MPH)
|
Top of the 8th over - 0 runs, 0 hits, 0 errors, 1 left on base; Tulsa 2 - Reading 1 |
BOTTOM OF THE 8TH |
Reading Fightin Phils batting - Pitching for Tulsa Drillers : RHP Ramon Luna
|
Batting: RHB Kyle Reilly
|
0-0: Called Strike 0-1: DOUBLE (Flyball, 8RXD, EV 91.9 MPH)
|
Pitching: RHP Edwin Carrasco
|
|
Batting: LHB Doug Frampton
|
0-0: Ball 1-0: Swinging Strike 1-1: Swinging Strike 1-2: Ball 2-2: Strikes out swinging
|
Batting: RHB Jake Cox
|
0-0: Called Strike 0-1: Ball 1-1: Foul Ball, location: 2F 1-2: Strikes out swinging
|
Batting: RHB Josh Baker
|
0-0: SINGLE (Groundball, 56D, EV 102.5 MPH) Kyle Reilly to third Runner from 3rd tries for Home, throw by LF and OUT! 7-2
|
Bottom of the 8th over - 0 runs, 2 hits, 0 errors, 1 left on base; Tulsa 2 - Reading 1 |
TOP OF THE 9TH |
Tulsa Drillers batting - Pitching for Reading Fightin Phils : RHP Ubbe Dekker
|
Batting: LHB Jesus Ramirez
|
0-0: Ball 1-0: Ball 2-0: Foul Ball, location: 2F 2-1: Called Strike 2-2: Ball 3-2: Foul Ball, location: 2F 3-2: Ground out U3 (Groundball, 3, EV 90.6 MPH)
|
Batting: RHB Tony Rivera
|
0-0: Ball 1-0: Ball 2-0: Ball 3-0: Called Strike 3-1: Ground out 6-3 (Groundball, 6, EV 83.1 MPH)
|
Batting: RHB Jim Rogers
|
0-0: Ball 1-0: Ball 2-0: Foul Ball, location: 2F 2-1: Swinging Strike 2-2: DOUBLE (Line Drive, 9LM, EV 106.2 MPH)
|
Batting: LHB Tony Morales
|
0-0: Ball 1-0: Called Strike 1-1: Ball 2-1: Ball 3-1: Called Strike 3-2: Base on Balls
|
Pinch Hitting: LHB Kevin Wiebe
|
0-0: Swinging Strike 0-1: Ball 1-1: Called Strike 1-2: Strikes out swinging
|
Top of the 9th over - 0 runs, 1 hit, 0 errors, 2 left on base; Tulsa 2 - Reading 1 |
BOTTOM OF THE 9TH |
Reading Fightin Phils batting - Pitching for Tulsa Drillers : RHP Edwin Carrasco
|
Pitching: RHP Juan Hurtado
|
|
Now at C: Carlos Talavera
|
|
Batting: SHB Detlef Oursler
|
0-0: Ball 1-0: Ball 2-0: Fly out, F9 (Flyball, 9, EV 90.6 MPH)
|
Batting: LHB Alex Fernandez
|
0-0: Ball 1-0: Foul Ball, location: 2F 1-1: Called Strike 1-2: Ball 2-2: Ball 3-2: Base on Balls
|
Batting: LHB Josh George
|
0-0: Called Strike 0-1: Foul Ball, location: 2F 0-2: Strikes out looking
|
Batting: RHB Abel Surraca
|
0-0: Ball 1-0: Swinging Strike 1-1: Foul Ball, location: 2F 1-2: Ball 2-2: Strikes out swinging
|
Bottom of the 9th over - 0 runs, 0 hits, 0 errors, 1 left on base; Tulsa 2 - Reading 1 |
|